 Dungeon Sprint DCSS version 0.26-a0-694-g74916bafe0 (webtiles) character file.

Game seed: 14213483927312299992

8 ANON1729 the Chiller (level 2, -6/33 HPs)
             Began as a Naga Ice Elementalist on Oct 25, 2020.
             Mangled by a howler monkey (8 damage)
             ... in the Dungeon (Sprint IX: "|||||||||||||||||||||||||||||").
             The game lasted 00:01:25 (262 turns).

ANON1729 the Chiller (Naga Ice Elementalist)         Turns: 262, Time: 00:01:25

Health: -6/33      AC:  1    Str: 10    XL:     2   Next: 8%
Magic:  2/5        EV: 10    Int: 15    God:
Gold:   0          SH:  0    Dex: 11    Spells: 5/6 levels left

rFire    . . .     SeeInvis +   (no weapon)
rCold    . . .     Faith    .   (no shield)
rNeg     . . .     Spirit   .   a - +0 robe
rPois    +         Reflect  .   (no helmet)
rElec    .         Harm     .   (no cloak)
rCorr    .         Rampage  .   (no gloves)
MR       .....     NoTele   +   (no barding)
Stlth    ..........             (no amulet)
HPRegen  0.11/turn              (no ring)
MPRegen  0.09/turn              (no ring)

@: berserking (expiring), quick
A: large, see invisible, deformed body, poison resistance, slowness 2, spit
poison 1, AC +0
a: Spit Poison


You were in the Dungeon.
You visited 1 branch

Inventory:

Armour
 a - a +0 robe (worn)
Scrolls
 h - a scroll of blinking
Potions
 c - a potion of curing
 d - a potion of heal wounds
 e - a potion of haste
 f - 2 potions of magic


   Skills:
 + Level 2.2 Dodging
 + Level 4.3 Stealth
 + Level 2.6 Spellcasting
 + Level 4.4 Ice Magic


You had 5 spell levels left.
You knew the following spells:

 Your Spells              Type           Power        Failure   Level
a - Freeze                Ice            ###.         3%          1

Your spell library contained the following spells:

 Spells                   Type           Power        Failure   Level
 Frozen Ramparts          Ice            ###...       10%         3
 Ozocubu's Armour         Ice            ###.....     10%         3
 Hailstorm                Conj/Ice       #.......     63%         4
 Summon Ice Beast         Ice/Summ       #.......     63%         4


Dungeon Overview and Level Annotations

Branches:
Dungeon (1/1)

Altars:


Innate Abilities, Weirdness & Mutations

You cannot wear boots.
Your serpentine skin is tough. (AC +0)
You have supernaturally acute eyesight. (SInv)
Armour fits poorly on your strangely shaped body.
Your system is resistant to poisons. (rPois)
You cover ground very slowly.
You can spit poison.


Message History

The howler monkey barely misses you.
You hit the howler monkey.
The howler monkey is lightly wounded.
The howler monkey hoots and howls with incredible vigour!
You punch the howler monkey!
The howler monkey is heavily wounded.
You closely miss the howler monkey.
The howler monkey is heavily wounded.
The howler monkey barely misses you.
You hit the howler monkey.
The howler monkey is severely wounded.
The howler monkey hits you.
* * * LOW HITPOINT WARNING * * *
You barely miss the howler monkey.
The howler monkey is severely wounded.
The howler monkey closely misses you.
You closely miss the howler monkey.
The howler monkey is severely wounded.
The howler monkey hits you!
You die...

▓.▓
▓.▓
▓.▓
▓)▓
▓'▓
▓o▓
▓S▓
▓h▓
▓@▓
▓▓▓


You could see a howler monkey, an adder and an orc.

Vanquished Creatures
  A worm (D)
  A hobgoblin (D)
  A jackal zombie (D)
  4 rats (D)
7 creatures vanquished.

Notes
Turn   | Place    | Note
-------+----------+-------------------------------------------
     0 | D        | ANON1729 the Naga Ice Elementalist began the quest for the
                  | Orb.
     0 | D        | Reached XP level 1. HP: 15/15 MP: 3/3
   102 | D        | Noticed a howler monkey
   251 | D        | HP: 1/22 [worm (3)]
   253 | D        | Reached XP level 2. HP: 3/22 MP: 2/5
   262 | D        | Mangled by a howler monkey

Illustrated notes

Levels and vault maps discovered:
D:        linesprint [early_d, line_temple, items_1, d_10, items_2, lair_1,
          lair_end, items_3, orc_1, orc_end, items_4, d_15, swamp_1, shoals_1,
          snake_1, spider_1, d_20, vaults_1, items_5, swamp_end, shoals_end,
          snake_end, spider_end, vaults_end, d_27, items_6, zot_1, zot_end,
          crypt_end, forest_end, elf_end, slime_end, tomb_end, abyss_end,
          pan_hell_end]

Skill      XL: |  1 |
---------------+----+-----
Dodging        | 2 |  2.2
Stealth        | 4 |  4.3
Spellcasting   | |  2.6
Ice Magic      | |  4.4

Action                   || total
-------------------------++-------
Melee: Unarmed           ||    26
 Cast: Freeze            ||     5
  Use: Potion            ||     1
Dodge: Dodged            ||     8

Table legend: (Time is in decaauts)
 A = Elapsed time spent in this place.
 B = Non-inter-level travel time spent in this place.
 C = Inter-level travel time spent in this place.
 D = Time resting spent in this place.
 E = Time spent auto-exploring this place.
 F = Levels seen in this place.
 G = Mean time per level.
                   A        B        C        D        E       F      G
               +--------+--------+--------+--------+--------+-----+--------+
         Total |    269 |    269 |      0 |    195 |      0 |   1 |  269.0 |
       Dungeon |    269 |    269 |      0 |    195 |      0 |   1 |  269.0 |
               +--------+--------+--------+--------+--------+-----+--------+

Top non-repeatable levels by time:
       D: 269 daAuts
